[Event "Live Chess"]
[Site "Chess.com"]
[Date "2023.05.20"]
[Round "-"]
[White "OleksiyJr1"]
[Black "dudeasy"]
[Result "1-0"]
[WhiteElo "932"]
[BlackElo "995"]
[TimeControl "300"]
[EndTime "11:42:34 PDT"]
[Termination "OleksiyJr1 won on time"]

1. e4 c5 2. Nf3 d6 3. Bc4 Nf6 4. d4 cxd4 5. Qxd4 Nc6 6. Bb5 g6 7. Nc3 Bd7 8. Bxc6 Bxc6 9. Qe3 Bg7 10. O-O O-O 11. Re1 Qc7 12. h3 Rad8 13. b3 a6 14. Bb2 Rfe8 15. Rad1 Qc8 16. e5 dxe5 17. Rxd8 Qxd8 18. Nxe5 Qd6 19. Nxc6 Qxc6 20. Ne4 Nxe4 21. Bxg7 Kxg7 22. Qxe4 Qxe4 23. Rxe4 e6 24. Rc4 Re7 25. Kf1 Rd7 26. Ke2 Kf6 27. g4 Kg5 28. f4+ Kh4 29. Rc3 h5 30. gxh5 Kxh5 31. Kf3 Kh4 32. Kg2 Rd2+ 33.
Kf3 Rd7 34. Kg2 g5 35. fxg5 Kxg5 36. Kg3 Kf6 37. Kg4 Rd4+ 38. Kg3 b5 39. h4 a5 40. h5 b4 41. Rc7 Rd5 42. Kh4 Rd4+ 43. Kg3 Rd5 44. h6 Rh5 45. Ra7 Kg6 46. Kg4 Rg5+ 47.
Kf4 Rf5+ 48. Ke4 Kxh6 49. Kd4 Kg6 50. Kc4 Kf6 51. c3 bxc3 52. Kxc3 Rc5+ 53. Kd4 Rd5+ 54. Ke4 Re5+ 55. Kd4 Rd5+ 56. Kc3 Rc5+ 57. Kb2 Re5 58. Ka3 Rd5 59. Ka4 Ke5 60. Rxa5 Rxa5+ 61. Kxa5 f5 62. b4 f4 63. b5 f3 64. b6 f2 65. b7 f1=Q 66.
b8=Q+ Kd5 67. Qb7+ Ke5 68. Qb5+ Qxb5+ 69. Kxb5 Kd4 70. a4 e5 71. a5 e4 72. a6 e3 73. a7 e2 74. a8=Q e1=Q 75. Qd8+ Kc3 76. Qc7+ Kd2 77. Qd6+ Ke2 78. Qe5+ 1-0

[Event "Live Chess"]
[Site "Chess.com"]
[Date "2023.05.20"]
[Round "-"]
[White "gmnorfolk"]
[Black "flyingpuffins"]
[Result "1-0"]
[WhiteElo "2117"]
[BlackElo "1963"]
[TimeControl "300"]
[EndTime "11:42:34 PDT"]
[Termination "gmnorfolk won by resignation"]

1. d4 d5 2. c4 c6 3. Nf3 Nf6 4. e3 Bf5 5. Nc3 e6 6. Nh4 Bg6 7. Nxg6 hxg6 8. Qb3 Qb6 9. c5 Qc7 10. g3 Nbd7 11. Bg2 Be7 12. Qc2 O-O-O 13. b4 e5 14. a4 e4 15. b5 Bxc5 16. bxc6 bxc6 17. dxc5 Nxc5 18. Bf1 Ng4 19. h3 Ne5 20. Ba3 Ncd3+ 21. Bxd3 Nxd3+ 22. Ke2 Qd7 23. Rab1 Qf5 24. Nxe4 Kd7 25.
Qxd3 1-0

[Event "Live Chess"]
[Site "Chess.com"]
[Date "2023.05.20"]
[Round "-"]
[White "rideuv21"]
[Black "1600x"]
[Result "0-1"]
[WhiteElo "1822"]
[BlackElo "1638"]
[TimeControl "300"]
[EndTime "11:42:37 PDT"]
[Termination "1600x won by resignation"]

1. e4 e5 2. d4 exd4 3. Nf3 Nc6 4.
Bc4 Nf6 5. e5 d5 6. Bb5 Nd7 7. O-O h6 8. Bxc6 bxc6 9. Nxd4 Nb8 10.
e6 fxe6 11. Qh5+ Ke7 12. Bg5+ hxg5 13. Qxh8 c5 14. Nf3 Nc6 15. Nxg5 Qe8 16. Re1 Rb8 17. Nc3 Nd4 18. Nxd5+ Kd8 19. Nf4 Bd6 20. Nfxe6+ Bxe6 21. Nxe6+ Nxe6 22. Qxe8+ Kxe8 23. Rxe6+ Kd7 24. Rg6 Rxb2 25.
Rxg7+ Kc6 26. c4 Rc2 27. Rg4 Be5 28. Re1 Bc3 29. Rf1 Rxa2 30. f4 Kd7 31. f5 a5 32.
f6 Ra1 33. f7 Rxf1+ 34. Kxf1 Ke7 35. Rf4 Kf8 36. Rf3 Be5 37. h4 a4 38. h5 Bb2 39.
Rf6 Bxf6 40. g3 a3 0-1

[Event "Live Chess"]
[Site "Chess.com"]
[Date "2023.05.20"]
[Round "-"]
[White "Salpingidis"]
[Black "mightysmasher"]
[Result "1-0"]
[WhiteElo "2321"]
[BlackElo "2131"]
[TimeControl "300"]
[EndTime "11:42:40 PDT"]
[Termination "Salpingidis won by resignation"]

1. d4 d5 2. c4 e6 3. Nc3 Nf6 4.
cxd5 exd5 5. Bg5 Be7 6. e3 O-O 7. Bd3 b6 8. Nge2 Bb7 9. O-O Bd6 10. Ng3 h6 11. Bxf6 Qxf6 12. Nf5 Nd7 13. Nxd6 Qxd6 14. Nb5 Qf6 15. Nxc7 a6 16. Qg4 Rac8 17. Qxd7 Rfd8 18. Nxd5 Bxd5 19. Qf5 Qd6 20. Rfc1 Rb8 21. Qh7+ Kf8 22. Qh8+ Ke7 23. Qh7 g6 24. e4 Be6 25.
d5 Bd7 26. e5 Qxd5 27. Bc4 Qxe5 28. Qxf7+ Kd6 29. Rd1+ Kc7 30. Rac1 Kb7 31. Rxd7+ 1-0

[Event "Live Chess"]
[Site "Chess.com"]
[Date "2023.05.20"]
[Round "-"]
[White "Supertromp"]
[Black "wadsy27"]
[Result "1/2-1/2"]
[WhiteElo "2188"]
[BlackElo "2582"]
[TimeControl "300"]
[EndTime "11:42:41 PDT"]
[Termination "Game drawn by repetition"]

1. e4 e6 2. d4 d5 3. Bd3 dxe4 4. Bxe4 Nf6 5. Bf3 c5 6. Ne2 e5 7. dxe5 Qxd1+ 8. Kxd1 Ng4 9. Bxg4 Bxg4 10. Be3 Nc6 11. f3 O-O-O+ 12. Nd2 Bf5 13. g4 Bg6 14. Nf4 Nxe5 15. Nxg6 hxg6 16. Ke2 Be7 17. Ne4 Rhe8 18. Rad1 Rxd1 19. Rxd1 f5 20. gxf5 gxf5 21. Rd5 Nc4 22. Rxf5 Nxb2 23. Bxc5 b6 24. Bd4 Nc4 25. Bxg7 Nd6 26.
Re5 Nf7 27. Rf5 Nd6 28. Re5 Nf7 29. Rf5 Nd6 1/2-1/2

[Event "Live Chess"]
[Site "Chess.com"]
[Date "2023.05.20"]
[Round "-"]
[White "Ocelot32"]
[Black "jagbama"]
[Result "0-1"]
[WhiteElo "1399"]
[BlackElo "1131"]
[TimeControl "300"]
[EndTime "11:42:42 PDT"]
[Termination "jagbama won by resignation"]

1. e4 e5 2. Nf3 Nc6 3. Bb5 Bc5 4.
O-O d6 5. h3 a6 6. Ba4 b5 7.
Bb3 Nd4 8. Nxd4 Bxd4 9. c3 Ba7 10. Qf3 Nf6 11. d4 O-O 12. Bg5 h6 13. Bh4 exd4 14.
cxd4 Bxd4 15. e5 dxe5 16. Nc3 g5 17. Qxa8 gxh4 18. Qf3 Kh8 19. Rad1 Rg8 20. Ne4 Nxe4 21. Qxe4 Bxh3 22. Bxf7 Bxg2 23. Bxg8 Bxe4 24. Be6 Qg5+ 0-1

[Event "Live Chess"]
[Site "Chess.com"]
[Date "2023.05.20"]
[Round "-"]
[White "MaximKris"]
[Black "xx_blindpuffin_xx"]
[Result "0-1"]
[WhiteElo "1885"]
[BlackElo "2210"]
[TimeControl "300"]
[EndTime "11:42:43 PDT"]
[Termination "xx_blindpuffin_xx won by checkmate"]

1. e4 c6 2. Nf3 d5 3. Nc3 Bg4 4.
d4 e6 5. h3 Bxf3 6. Qxf3 dxe4 7. Nxe4 Nf6 8. Nxf6+ Qxf6 9. Qxf6 gxf6 10. Bf4 Nd7 11.
c3 e5 12. dxe5 fxe5 13. Be3 Bc5 14. O-O-O Bxe3+ 15. fxe3 O-O-O 16. Bc4 Rhg8 17. Bxf7 Rxg2 18. Be6 Kc7 19. Rhf1 Rg7 20. Bxd7 Rdxd7 21. Rxd7+ Kxd7 22. Rd1+ Ke7 23. Rf1 Rg3 24. e4 Rxh3 25. Rf4 exf4 26. e5 Rh2 27. e6 Rg2 28. b3 h5 29. Kb1 h4 30. c4 h3 31. c5 h2 32. b4 h1=Q# 0-1

[Event "Live Chess"]
[Site "Chess.com"]
[Date "2023.05.20"]
[Round "-"]
[White "Doge_Dandolo"]
[Black "domrobson"]
[Result "1-0"]
[WhiteElo "2078"]
[BlackElo "1747"]
[TimeControl "300"]
[EndTime "11:42:44 PDT"]
[Termination "Doge_Dandolo won by resignation"]

1. Nf3 Nf6 2. c4 e6 3. g3 d5 4. Bg2 c6 5. O-O Nbd7 6. d4 Bd6 7. Qc2 O-O 8. Nbd2 b6 9. e4 dxe4 10. Nxe4 Nxe4 11. Qxe4 Bb7 12. Rd1 Nf6 13. Qc2 Qc7 14. c5 Be7 15. Bf4 Qc8 16. Ne5 Nd5 17. Rac1 Nxf4 18.
gxf4 bxc5 19. dxc5 f6 20. Nd3 Ba6 21. Nb4 Bb5 22. a4 a5 23. axb5 axb4 24. Bxc6 Rb8 25. Qc4 Kh8 26. Rd7 Bd8 27. Qxe6 Bc7 28. Qe7 1-0

[Event "Live Chess"]
[Site "Chess.com"]
[Date "2023.05.20"]
[Round "-"]
[White "McSlash1"]
[Black "jameskwong"]
[Result "0-1"]
[WhiteElo "2054"]
[BlackElo "2148"]
[TimeControl "300"]
[EndTime "11:42:45 PDT"]
[Termination "jameskwong won by resignation"]

1. e4 c5 2. Nc3 d6 3. f4 Nc6 4. Nf3 Nf6 5. Bc4 e6 6. O-O Be7 7. d3 O-O 8. f5 exf5 9. Qe1 fxe4 10. dxe4 Be6 11. Nd5 Ne5 12. Nxe7+ Qxe7 13. Bxe6 Nxf3+ 14. Rxf3 Qxe6 15. e5 dxe5 16. Bg5 Nd5 17. c4 Nb4 18.
a3 Nc6 19. Rd1 Qxc4 20. Rc3 Qg4 21. Rg3 Qe6 22. Qc3 Kh8 23. Be3 b6 24. Rf1 Nd4 25. Qd3 f5 26. Rh3 Rad8 27. Qd1 f4 28. Qh5 Qf5 29. Qh4 Ne2+ 30. Kh1 fxe3 31. Rhf3 Qc8 32. Qe7 Rxf3 33. gxf3 Re8 34. Qg5 Nf4 35. Rg1 Qd7 36.
Rg4 Qd1+ 37. Rg1 Qxf3+ 0-1

[Event "Live Chess"]
[Site "Chess.com"]
[Date "2023.05.20"]
[Round "-"]
[White "Bot_Boy"]
[Black "MaximKhimchenko"]
[Result "0-1"]
[WhiteElo "332"]
[BlackElo "1347"]
[TimeControl "300"]
[EndTime "11:42:49 PDT"]
[Termination "MaximKhimchenko won on time"]

1. Nf3 e5 2. e4 Nc6 3. Bc4 Bc5 4. d3 Nf6 5. Nc3 d6 6. Bg5 Bg4 7. h3 Bxf3 8. Qxf3 Nd4 9. Qd1 h6 10. Bxf6 Qxf6 11. Nd5 Qd8 12. Ne3 Ne6 13. Bxe6 fxe6 14. Qh5+ Kd7 15. Qf7+ Qe7 16. Qxe7+ Kxe7 17. g4 Bxe3 18.
fxe3 Raf8 19. Ke2 g5 20. Raf1 Rf6 21. h4 Rxf1 22. Rxf1 gxh4 23. Rf3 Rg8 24. d4 Rxg4 25. dxe5 dxe5 26. Kf2 Rxe4 27. Rh3 Kf6 28. Rf3+ Kg5 29. Kg2 Kg4 30. Rf6 Kh5 31. Rxe6 Rg4+ 32. Kh3 Rg3+ 33. Kh2 Rxe3 34. Re7 Re2+ 35. Kh3 e4 36. Re5+ Kg6 37. Rc5 Re3+ 0-1

[Event "Live Chess"]
[Site "Chess.com"]
[Date "2023.05.20"]
[Round "-"]
[White "Davidagye"]
[Black "viktorskliarov"]
[Result "0-1"]
[WhiteElo "1676"]
[BlackElo "2650"]
[TimeControl "300"]
[EndTime "11:43:17 PDT"]
[Termination "viktorskliarov won by resignation"]

1. b4 e5 2. Bb2 Bxb4 3. f4 d6 4. fxe5 dxe5 5. Bxe5 Nf6 6. Nf3 c5 7. e3 Nc6 8. Bb5 Bd7 9. Bxc6 Bxc6 10. O-O O-O 11.
a3 Ba5 12. Nh4 Nd7 13. Bg3 g6 14. d3 Qg5 15. Qe2 Rae8 16. e4 f5 17. Nf3 Qg4 18. Bd6 fxe4 19. Bxf8 exf3 20. Qf2 Qxg2+ 21. Qxg2 fxg2 22. Rf2 Re1+ 0-1

[Event "Live Chess"]
[Site "Chess.com"]
[Date "2023.05.20"]
[Round "-"]
[White "CeladonFish"]
[Black "olahgito"]
[Result "1-0"]
[WhiteElo "1094"]
[BlackElo "728"]
[TimeControl "300"]
[EndTime "11:43:18 PDT"]
[Termination "CeladonFish won by resignation"]

1. d4 d5 2. c4 e6 3. Nc3 Nf6 4. Bg5 Bb4 5. Qa4+ Nc6 6. cxd5 exd5 7. f3 Bxc3+ 8. bxc3 Bd7 9. e4 b6 10. e5 Nxe5 11.
dxe5 Bxa4 12. exf6 gxf6 13. Bf4 c5 14. Ne2 Bb5 15. Ng3 Bxf1 16. Rxf1 O-O 17. Nh5 Re8+ 18.
Kf2 Qe7 19. Kg3 f5 20. Rfe1 Qd7 21. Nf6+ Kg7 22. Nxd7 Rxe1 23. Rxe1 Rg8 24. Be5+ f6 25.
Bxf6+ Kf7+ 26. Kf4 Re8 27. Rxe8 Kxe8 28. Ne5 Kf8 29.
Kxf5 1-0

[Event "Live Chess"]
[Site "Chess.com"]
[Date "2023.05.20"]
[Round "-"]
[White "jennybobby44"]
[Black "AdamOwls"]
[Result "1/2-1/2"]
[WhiteElo "1871"]
[BlackElo "1930"]
[TimeControl "300"]
[EndTime "11:43:21 PDT"]
[Termination "Game drawn by agreement"]

1. Nf3 d5 2. g3 Nf6 3. Bg2 e6 4. O-O Be7 5. d4 b5 6. b3 O-O 7. Bb2 Bb7 8. Nbd2 c5 9. dxc5 Bxc5 10. e3 Nbd7 11. h3 Qe7 12. Ne5 Rfd8 13. Qe2 Rac8 14. Qxb5 Nxe5 15. Bxe5 Bb6 16. Rac1 Rc5 17. Qe2 Rdc8 18.
Bd4 Rxc2 19. Rxc2 Rxc2 20. Bxb6 axb6 21. a4 Qb4 22. Rd1 h6 23. Qd3 Rc3 24. Qd4 Qxd4 25. exd4 Rd3 26. Bf1 Rxd4 27. Be2 Nd7 28. Nf3 Rxd1+ 29.
Bxd1 Nc5 30. Nd4 Ba6 31. b4 Ne4 32. a5 bxa5 33. bxa5 Nc5 34. Kg2 Kf8 35. Kf3 Ke7 36.
Ke3 Kd6 37. f4 f6 38. g4 e5 39.
fxe5+ fxe5 40. Nf5+ Ke6 41. Nxg7+ Kf6 42. Nh5+ Kg5 43.
Ng3 Nb7 44. Nf5 Nxa5 45. h4+ Kg6 46. Ne7+ Kf7 47. Nxd5 1/2-1/2

[Event "Live Chess"]
[Site "Chess.com"]
[Date "2023.05.20"]
[Round "-"]
[White "Yehor20132013"]
[Black "LL220284LL"]
[Result "0-1"]
[WhiteElo "483"]
[BlackElo "2397"]
[TimeControl "300"]
[EndTime "11:43:35 PDT"]
[Termination "LL220284LL won by resignation"]

1. e4 d5 2. exd5 Qxd5 3. d3 Nf6 4. Bg5 Qxg5 5. Qd2 Qg6 6. Nf3 Nc6 7. Be2 e5 8. Nc3 Bb4 9. d4 exd4 10. Nxd4 O-O 11. O-O Ne4 12. Bd3 Nxd2 13. Bxg6 Nxd4 14. Bd3 Nxf1 15. Kxf1 Bf5 16. Bxf5 Nxf5 17. Nd5 Bd6 0-1

[Event "Live Chess"]
[Site "Chess.com"]
[Date "2023.05.20"]
[Round "-"]
[White "ReceptiveCamel"]
[Black "Albul"]
[Result "0-1"]
[WhiteElo "626"]
[BlackElo "2162"]
[TimeControl "300"]
[EndTime "11:43:38 PDT"]
[Termination "Albul won by checkmate"]

1. Nc3 f5 2. Nf3 Nf6 3. d4 g6 4.
Bg5 Bg7 5. Bxf6 Bxf6 6. e4 d6 7. exf5 Bxf5 8. Bd3 Qd7 9. Bxf5 Qxf5 10. O-O O-O 11. g3 Nc6 12. Nh4 Bxh4 13. gxh4 e5 14. Re1 Qxf2+ 15. Kh1 Nxd4 16. Re2 Nxe2 17. Qxe2 Qxe2 18.
Nxe2 Rf2 19. Re1 Raf8 20. Ng3 Rxc2 21. Rb1 Rff2 22. Ne4 Rxh2+ 23. Kg1 Kg7 24. Ng5 Rxh4 25. Nf3 Rg4+ 26. Kf1 Rf4 27. Re1 Rxf3+ 28. Kg1 Rxb2 29. Kh1 Rxa2 30. Rg1 Rh3# 0-1

[Event "Live Chess"]
[Site "Chess.com"]
[Date "2023.05.20"]
[Round "-"]
[White "Tushinskiy"]
[Black "mattihelenius2"]
[Result "1-0"]
[WhiteElo "2115"]
[BlackElo "490"]
[TimeControl "300"]
[EndTime "11:43:46 PDT"]
[Termination "Tushinskiy won by checkmate"]

1. d4 d5 2. c3 e6 3. Nf3 Nf6 4. Bf4 Nc6 5. Bg3 e5 6. Nxe5 Nxe5 7. Bxe5 Ne4 8. Nd2 Bg4 9. Nxe4 dxe4 10. Qb3 f6 11.
Bg3 Bd6 12. Qxb7 Rc8 13. Qxe4+ Kf7 14. Qxg4 g5 15. e4 Bxg3 16. Bc4+ Ke8 17. hxg3 Rg8 18.
Bxg8 Ke7 19. Qe6+ Kf8 20. Qf7# 1-0

[Event "Live Chess"]
[Site "Chess.com"]
[Date "2023.05.20"]
[Round "-"]
[White "Goblinbasher"]
[Black "JoshMcK"]
[Result "0-1"]
[WhiteElo "1199"]
[BlackElo "1538"]
[TimeControl "300"]
[EndTime "11:43:59 PDT"]
[Termination "JoshMcK won by resignation"]

1. e4 c6 2. d4 d5 3. Nc3 dxe4 4.
Nxe4 Nf6 5. Nxf6+ exf6 6. Nf3 Bd6 7. Be2 O-O 8. O-O Re8 9. Bd3 Nd7 10. c3 Nf8 11.
Nh4 Bc7 12. Nf5 Qd5 13. Qh5 g6 14. Nh6+ Kg7 15. Nf5+ Kh8 16. Qh6 Bxf5 17. Bxf5 Qxf5 18. Be3 Qh5 19. Qxh5 gxh5 20. Rae1 Ne6 21. g3 Ng5 22. Kg2 Re6 23. h4 Ne4 24. f3 Nd6 25. Bf4 Rae8 26. Kf2 Nb5 27. Bxc7 Nxc7 28. a3 Nd5 29. Rxe6 Rxe6 30.
Re1 Kg8 31. Re4 Kf8 32. Ke2 f5 33. Kd3 fxe4+ 34. fxe4 Nb6 0-1

[Event "Live Chess"]
[Site "Chess.com"]
[Date "2023.05.20"]
[Round "-"]
[White "omisoc"]
[Black "Rusty_Bridges"]
[Result "1-0"]
[WhiteElo "2151"]
[BlackElo "1419"]
[TimeControl "300"]
[EndTime "11:44:07 PDT"]
[Termination "omisoc won by resignation"]

1. b3 d5 2. Bb2 Nf6 3. e3 e6 4.
Nf3 Nc6 5. d4 Be7 6. Bd3 b6 7. O-O Bb7 8. a3 Qd7 9. c4 O-O-O 10. Nc3 h6 11. b4 g5 12. b5 Na5 13.
Ne5 Qe8 14. c5 bxc5 15. Qa4 Nc4 16. Bxc4 dxc4 17. Qxa7 Bd6 18. f4 Nd5 19. Nxd5 exd5 20. dxc5 Bxe5 21. c6 1-0

[Event "Live Chess"]
[Site "Chess.com"]
[Date "2023.05.20"]
[Round "-"]
[White "domrobson"]
[Black "xx_blindpuffin_xx"]
[Result "0-1"]
[WhiteElo "1746"]
[BlackElo "2211"]
[TimeControl "300"]
[EndTime "11:44:07 PDT"]
[Termination "xx_blindpuffin_xx won by resignation"]

1. d4 d5 2. c4 e6 3. Nf3 c6 4.
Nc3 dxc4 5. a4 Bb4 6. e3 b5 7. axb5 cxb5 8. Bd2 Bxc3 9. Bxc3 a5 10. b3 Bb7 11.
bxc4 b4 12. Bb2 Nf6 13. Bd3 O-O 14. O-O Nbd7 15. Qc2 Qc7 16. Nd2 a4 17. Rxa4 Qc6 0-1

[Event "Live Chess"]
[Site "Chess.com"]
[Date "2023.05.20"]
[Round "-"]
[White "DRS44"]
[Black "Ninifu"]
[Result "0-1"]
[WhiteElo "1436"]
[BlackElo "1985"]
[TimeControl "300"]
[EndTime "11:44:10 PDT"]
[Termination "Ninifu won by checkmate"]

1. e4 d5 2. exd5 Nf6 3. Nc3 Nxd5 4. Bc4 e6 5. d4 c6 6. Nf3 Be7 7. Nxd5 cxd5 8. Bb3 Nc6 9. Be3 O-O 10. O-O b6 11. Qd2 Bb7 12. Bg5 Na5 13. Bxe7 Qxe7 14. Qf4 Nc4 15.
Bxc4 dxc4 16. Ne5 Bd5 17. Ng4 f5 18. Ne5 g5 19. Qg3 Rad8 20. h4 g4 21. Qf4 Qxh4 22. g3 Qh1# 0-1

[Event "Live Chess"]
[Site "Chess.com"]
[Date "2023.05.20"]
[Round "-"]
[White "Hacker_2009"]
[Black "mach247"]
[Result "1-0"]
[WhiteElo "1931"]
[BlackElo "1322"]
[TimeControl "300"]
[EndTime "11:44:10 PDT"]
[Termination "Hacker_2009 won by resignation"]

1. d4 Nf6 2. Nf3 e6 3. c4 d5 4. e3 c6 5. Nc3 Be7 6. cxd5 Nxd5 7. Nxd5 exd5 8. b3 O-O 9. Bd3 Bg4 10. O-O Nd7 11. Bb2 Nf6 12. Rc1 Ne4 13. Be2 Re8 14.
Ne5 Bxe2 15. Qxe2 Bf6 16. f4 c5 17. dxc5 Bxe5 18. Bxe5 f6 19. Bb2 Rc8 20. b4 a5 21.
a3 axb4 22. axb4 Rc6 23. Bd4 Re7 24. Qa2 Rec7 25. Ra1 Kf7 26. b5 Re6 27. b6 Nxc5 28. bxc7 Qxc7 29. Rac1 1-0

[Event "Live Chess"]
[Site "Chess.com"]
[Date "2023.05.20"]
[Round "-"]
[White "vovanada"]
[Black "Horseymobile"]
[Result "1-0"]
[WhiteElo "821"]
[BlackElo "1182"]
[TimeControl "300"]
[EndTime "11:44:14 PDT"]
[Termination "vovanada won by resignation"]

1. d4 Nf6 2. Bf4 d6 3. e3 g6 4.
Nf3 Bg7 5. c3 O-O 6. Nbd2 Nc6 7.
Bd3 Re8 8. Qb3 e5 9. Ng5 Qe7 10. Bg3 h6 11. Nge4 Nxe4 12. Bxe4 Na5 13. Qb4 b6 14. Bxa8 1-0

[Event "Live Chess"]
[Site "Chess.com"]
[Date "2023.05.20"]
[Round "-"]
[White "KeithArkell"]
[Black "Ayush_prahlad_Gupta"]
[Result "1-0"]
[WhiteElo "2609"]
[BlackElo "1795"]
[TimeControl "300"]
[EndTime "11:44:26 PDT"]
[Termination "KeithArkell won by resignation"]

1. d4 d5 2. Nf3 Nf6 3. c4 Bf5 4. cxd5 e6 5. dxe6 Bxe6 6. Nc3 Bb4 7. Qa4+ Nc6 8. Ne5 Bxc3+ 9. bxc3 Qd5 10. Nxc6 bxc6 11.
e3 Qg5 12. Qxc6+ Ke7 13. Ba3+ Kd8 14. Qxa8+ Kd7 15. Qxh8 Ne4 16. Qf8 Nxc3 17. Qe7+ Qxe7 18. Bxe7 Kxe7 19. Bd3 1-0

[Event "Live Chess"]
[Site "Chess.com"]
[Date "2023.05.20"]
[Round "-"]
[White "wot-not"]
[Black "martynstanley"]
[Result "1-0"]
[WhiteElo "1469"]
[BlackElo "1014"]
[TimeControl "300"]
[EndTime "11:44:41 PDT"]
[Termination "wot-not won by checkmate"]

1. e4 e6 2. f4 d5 3. e5 c5 4. Nf3 Nc6 5. d4 Qb6 6. Bd3 Nh6 7. O-O Nf5 8. Bxf5 exf5 9. Kh1 cxd4 10. Nbd2 Qc7 11.
Nb3 b6 12. Nbxd4 Nxd4 13. Nxd4 Bb7 14. c3 Bc5 15. Be3 O-O-O 16. b4 Bxd4 17. Bxd4 Rhe8 18. a4 f6 19. a5 fxe5 20. Bxe5 Qc6 21. axb6 d4 22. Qf3 Qxf3 23. gxf3 Bxf3+ 24. Rxf3 d3 25. Rd1 d2 26. Rf2 axb6 27. Rfxd2 Rxd2 28. Rxd2 Rd8 29. Rxd8+ Kxd8 30. Bxg7 h5 31. Bd4 Kd7 32. Bxb6 Kc6 33.
Bd4 Kb5 34. Kg2 Kc4 35. Kh3 Kb5 36. Kh4 Kc4 37. Kxh5 Kb5 38. Kg5 Kc4 39. Kxf5 Kb5 40. Ke5 Kc4 41. f5 Kb5 42. Kd5 Ka4 43. f6 Kb3 44. f7 Kc2 45. f8=Q Kd3 46. c4 Kc2 47. c5 Kb3 48. c6 Ka4 49. c7 Kb5 50. c8=Q Ka4 51. b5 Kb3 52. b6 Ka4 53. b7 Ka5 54. Qa8+ Kb5 55. b8=Q# 1-0

[Event "Live Chess"]
[Site "Chess.com"]
[Date "2023.05.20"]
[Round "-"]
[White "Olisingapore"]
[Black "raminguy"]
[Result "1/2-1/2"]
[WhiteElo "1918"]
[BlackElo "1982"]
[TimeControl "300"]
[EndTime "11:44:42 PDT"]
[Termination "Game drawn by repetition"]

1. d4 d5 2. c4 e6 3. g3 a6 4. Nf3 dxc4 5. Bg2 b5 6. O-O Bb7 7.
Qc2 Nf6 8. a4 Be7 9. b3 cxb3 10.
Qxb3 Qd5 11. Qxd5 Bxd5 12. axb5 axb5 13. Rxa8 Bxa8 14. Ba3 Bxa3 15. Nxa3 c6 16. Ne5 Nfd7 17. Rc1 Nxe5 18. dxe5 O-O 19. Nxb5 cxb5 20. Bxa8 Nd7 21. Bc6 Nxe5 22. Bxb5 g6 23. h3 Rd8 24. f4 Rd5 25. Rc8+ Kg7 26. Be8 Rd1+ 27. Kf2 Nd7 28. Rc7 Nb6 29.
Rxf7+ Kg8 30. Rb7 Kf8 31. Bb5 Nd5 32. Rxh7 Nc3 33. Bd3 Rh1 34. Bxg6 Rh2+ 35. Kf3 Nxe2 36. Rf7+ Kg8 37. Ra7 Nd4+ 38. Kg4 Rg2 39. h4 Nf5 40.
Bxf5 exf5+ 41. Kxf5 Rxg3 42. h5 Rh3 43. Kg6 Rg3+ 44.
Kf6 Rh3 45. Rg7+ Kh8 46. Rg5 Rf3 47. f5 Rf1 48. Kf7 Ra1 49. Rg8+ Kh7 50. Rg7+ Kh8 51. Rg6 Ra7+ 52. Kf6 Ra6+ 53. Kf7 Ra7+ 54. Kf6 Ra6+ 55. Kg5 Ra1 56. h6 Rg1+ 57. Kf6 Ra1 58. Kf7 Ra7+ 59.
Kf6 Ra6+ 60. Kg5 Ra1 61. f6 Rg1+ 62. Kf5 Rf1+ 63. Ke6 Re1+ 64. Kf7 Ra1 65. h7 Ra7+ 66. Ke6 Kxh7 67. f7 Ra6+ 68. Ke7 Ra7+ 69. Kf6 Ra6+ 70. Kf5 Ra5+ 71. Kf6 Ra6+ 72. Kf5 Ra5+ 73. Kf6 Ra6+ 1/2-1/2

[Event "Live Chess"]
[Site "Chess.com"]
[Date "2023.05.20"]
[Round "-"]
[White "Brooms1989"]
[Black "thrithik"]
[Result "1-0"]
[WhiteElo "1008"]
[BlackElo "459"]
[TimeControl "300"]
[EndTime "11:44:57 PDT"]
[Termination "Brooms1989 won by checkmate"]

1. e4 a6 2. d4 Nc6 3. Nc3 Nf6 4. e5 Ne4 5. Nxe4 Nb4 6. c3 Nc6 7. Nf3 Na5 8. Bd3 Nb3 9. axb3 g6 10. O-O Ra7 11. Be3 h6 12. d5 e6 13. Bxa7 exd5 14.
Ng3 b6 15. c4 Bb7 16. cxd5 Qa8 17. Bxb6 cxb6 18. Bc4 Bc5 19. e6 Qd8 20. exf7+ Kxf7 21. Ne5+ Kf6 22. Re1 Kg7 23. Qf3 Re8 24. Qf7+ Kh8 25. Nxg6# 1-0

[Event "Live Chess"]
[Site "Chess.com"]
[Date "2023.05.20"]
[Round "-"]
[White "worldchessleaguelive"]
[Black "CheckThis4"]
[Result "0-1"]
[WhiteElo "1349"]
[BlackElo "2552"]
[TimeControl "300"]
[EndTime "11:45:25 PDT"]
[Termination "CheckThis4 won by resignation"]

1. d4 Nf6 2. Bf4 c5 3. c3 g6 4. Nf3 Bg7 5. e3 O-O 6. Be2 b6 7. Nbd2 Bb7 8. Rc1 d6 9. h3 Nbd7 10. b3 Rc8 11. O-O h6 12. c4 Qe8 13. d5 Nh7 14. Bd3 Ne5 15. Nxe5 dxe5 16. Bh2 f5 17. e4 e6 18. exf5 gxf5 19. dxe6 Qxe6 20. Qe2 Rcd8 21. Bb1 Qg6 22. g4 e4 23. f3 Ng5 24.
Kg2 exf3+ 25. Nxf3 Nxf3 26. Rxf3 fxg4 27. hxg4 Qxg4+ 28. Kf2 0-1

[Event "Live Chess"]
[Site "Chess.com"]
[Date "2023.05.20"]
[Round "-"]
[White "Andysav3"]
[Black "elephantgerrald"]
[Result "1-0"]
[WhiteElo "1695"]
[BlackElo "372"]
[TimeControl "300"]
[EndTime "11:45:30 PDT"]
[Termination "Andysav3 won on time"]

1. e4 e5 2. Nf3 Nc6 3. d4 exd4 4. Bc4 Nf6 5. O-O g6 6. e5 Ng4 7. Bf4 Bg7 8. Re1 O-O 9. h3 Nh6 10. Nbd2 a6 11. a4 Na5 12. Ba2 b6 13. Ne4 Bb7 14. Qd2 Bxe4 15. Rxe4 d5 16. exd6 cxd6 17. Bxh6 d5 18.
Ree1 b5 19. axb5 axb5 20. Bxg7 Kxg7 21. Qxd4+ Kg8 22. Bxd5 Ra6 23. c3 b4 24. cxb4 Nb3 25. Bxb3 Rxa1 26. Rxa1 Qxd4 27. Nxd4 Rd8 28. Nc6 Rd2 29. Ra2 Kf8 30. b5 Ke8 31. Ra8+ Kd7 32. Rd8+ Kc7 33. Rxd2 Kb6 34. Bxf7 Kxb5 35. Ne7 g5 36. Rd5+ Kc4 37. Rxg5+ Kd3 38. Rh5 Kc2 39. Rxh7 Kxb2 40. h4 Kc3 41. h5 Kd4 42. h6 Ke5 43. f4+ Kf6 44. Nd5+ Kf5 45. Rg7 Ke4 46. h7 Kf5 47. h8=Q Ke4 48. Bg6+ Kxd5 49. Rd7+ Kc4 50.
Qc8+ Kb3 51. Rb7+ 1-0

[Event "Live Chess"]
[Site "Chess.com"]
[Date "2023.05.20"]
[Round "-"]
[White "Geomorph"]
[Black "HoarseyHorsey"]
[Result "1-0"]
[WhiteElo "1232"]
[BlackElo "1348"]
[TimeControl "300"]
[EndTime "11:45:38 PDT"]
[Termination "Geomorph won by resignation"]

1. e4 c5 2. Nf3 e6 3. Nc3 Nc6 4. Bb5 d5 5. exd5 exd5 6. Ne5 Qc7 7. Qe2 Be7 8. Nxd5 Qd6 9. Nxc6 bxc6 10. Nxe7 Nxe7 11. Bc4 O-O 12. O-O Re8 13. Qf3 Nd5 14. c3 Be6 15. Bb3 a5 16. Bc2 Nf6 17. d3 Bd5 18.
Qh3 Re6 19. c4 Rae8 20. cxd5 cxd5 21. Bd2 Re2 22. Rad1 c4 23. dxc4 dxc4 24. Be3 Qc6 25. Bf5 g6 26. Bb1 Rxb2 27. Bd4 h5 28. Bxb2 1-0

[Event "Live Chess"]
[Site "Chess.com"]
[Date "2023.05.20"]
[Round "-"]
[White "Reggie016"]
[Black "apl_trainer"]
[Result "0-1"]
[WhiteElo "1069"]
[BlackElo "1628"]
[TimeControl "300"]
[EndTime "11:45:40 PDT"]
[Termination "apl_trainer won by resignation"]

1. e4 c5 2. c3 Nf6 3. e5 Nd5 4. d4 cxd4 5. cxd4 e6 6. Bc4 d6 7. Nf3 Nc6 8. O-O Be7 9. Bd3 Bd7 10. Nc3 Nxc3 11. bxc3 dxe5 12. dxe5 Qc7 13. Re1 h6 14. Bf4 Na5 15. Rb1 Bc6 16. Nd4 Rd8 17. Nxc6 Nxc6 18. Qb3 Rxd3 0-1